Kings vs Devils
Created - April 15, 2021 at 19:15
Goals
|
| Kings |
1 |
2 |
0 |
3 |
| Devils |
0 |
1 |
0 |
1 |
|
Shots
|
| Kings |
9 |
18 |
5 |
32 |
| Devils |
13 |
10 |
11 |
34 |
|
1st period
1. Kings , Colton Parayko 4 (Tyler Toffoli 39, Vitaly Vishnevsky 11) at 15:10 (PP)
Penalties :
Vitaly Vishnevsky (LAK) for Cross-checking (Minor) at 7:41, Marian Gaborik (NJD) for Hooking (Minor) at 13:35
2nd period
2. Kings , David Pastrnak 21 (Tyler Toffoli 40, Anze Kopitar 52) at 0:16
3. Devils , Martin Samuelsson 6 (Brad Richards 20, Anton Stralman 26) at 8:56
4. Kings , Benoit Pouliot 16 (Vitaly Vishnevsky 12, Sean Monahan 17) at 18:46
Penalties :
Zach Parise (NJD) for Tripping (Minor) at 9:50, Patrick Kaleta (NJD) for Hooking (Minor) at 16:26
3rd period
No Goal
Penalties :
Vitaly Vishnevsky (LAK) for Roughing (Minor) at 11:00, Colton Parayko (LAK) for Tripping (Minor) at 11:24, Brad Richards (NJD) for Elbowing (Minor) at 14:25, Tyler Ennis (NJD) for Hooking (Minor) at 0:00
Goalie Stats
Tuukka Rask (LAK), 33 saves from 34 shots - (0.971), W, 26-16-8, 60:00 minutes
Maxime Daigneault (NJD), 29 saves from 32 shots - (0.906), L, 36-17-8, 60:00 minutes
Players Stats for Kings
Player Name G A P +/- PIM S H SB GA TA FO MP PP MP PK MP
------------------------------------------------------------------------------------
Anze Kopitar 0 1 1 1 0 4 2 0 1 0 9/16 20:24 4:52 0:53
Benoit Pouliot 1 0 1 1 0 5 0 0 1 0 1/1 13:48 0:00 0:00
Colton Parayko 1 0 1 1 2 1 2 4 0 1 0/0 25:08 4:01 1:08
David Pastrnak 1 0 1 1 0 7 1 0 1 0 0/2 19:20 4:52 0:00
Drew Fata 0 0 0 1 0 1 0 2 0 1 0/0 20:34 0:00 1:49
Eric Gryba 0 0 0 0 0 4 0 1 0 0 0/0 10:35 0:00 1:49
Eric Nystrom 0 0 0 0 0 0 0 0 0 0 1/3 8:03 0:00 1:50
Gabriel Landeskog 0 0 0 -1 0 1 3 3 0 0 1/3 18:06 2:40 2:07
Jacob Josefson 0 0 0 0 0 0 0 0 0 0 2/2 5:38 0:00 0:00
Kyle Okposo 0 0 0 -1 0 0 1 0 0 0 0/3 16:17 2:40 0:00
Mats Zuccarello 0 0 0 1 0 1 4 1 0 0 1/1 16:02 0:00 1:50
Nathan MacKinnon 0 0 0 -1 0 1 1 0 0 0 6/15 16:17 2:40 0:00
Oliver Ekman-Larsson 0 0 0 0 0 0 1 3 1 1 0/0 27:00 3:31 2:33
Sean Monahan 0 1 1 1 0 1 3 0 0 0 6/13 14:06 0:00 0:00
Seth Jones 0 0 0 0 0 2 2 0 0 1 0/0 23:22 3:31 1:08
Steve Bernier 0 0 0 0 0 1 0 0 0 0 1/1 5:38 0:00 0:00
Tyler Toffoli 0 2 2 1 0 1 4 0 1 1 0/1 19:48 4:52 0:28
Vitaly Vishnevsky 0 2 2 0 4 2 0 0 0 1 0/0 13:54 4:01 0:17
Players Stats for Devils
Player Name G A P +/- PIM S H SB GA TA FO MP PP MP PK MP
------------------------------------------------------------------------------------
Anton Stralman 0 1 1 0 0 5 0 1 0 0 0/0 24:56 3:03 4:00
Brad Richards 0 1 1 1 2 3 1 1 1 0 3/6 13:54 0:00 0:52
Brad Richardson 0 0 0 0 0 0 0 1 0 0 1/1 6:21 0:00 0:00
Chris Stewart 0 0 0 -1 0 3 0 1 1 0 0/1 15:19 1:37 0:00
Jamie Arniel 0 0 0 -1 0 2 2 1 0 0 4/7 15:19 1:37 0:00
Josh Gorges 0 0 0 -1 0 1 1 3 0 2 0/0 20:35 1:19 3:32
Kristopher Letang 0 0 0 0 0 0 2 1 0 1 0/0 28:35 3:03 4:00
Marian Gaborik 0 0 0 -1 2 4 1 0 1 0 4/6 27:12 2:45 3:47
Martin Samuelsson 1 0 1 1 0 2 5 0 0 1 1/2 14:58 0:00 1:55
Matt Donovan 0 0 0 0 0 0 1 3 0 0 0/0 10:50 0:00 0:00
Michael Del Zotto 0 0 0 -1 0 2 0 3 0 0 0/0 20:35 1:19 3:32
Mike Weber 0 0 0 0 0 0 0 0 0 0 0/0 3:39 0:00 0:00
Nazem Kadri 0 0 0 -1 0 0 2 1 2 1 16/30 18:37 2:45 1:29
Nick Bonino 0 0 0 0 0 4 0 0 0 0 2/4 6:03 0:00 0:00
Patrick Kaleta 0 0 0 1 2 3 0 0 0 0 0/0 12:26 0:00 0:00
Thomas Hickey 0 0 0 0 0 0 0 0 0 0 0/0 10:50 0:00 0:00
Tyler Ennis 0 0 0 -1 2 1 5 0 1 0 2/2 23:26 2:45 4:37
Zach Parise 0 0 0 -1 2 4 0 2 0 0 0/2 18:49 1:37 2:24
3 Stars
1 - Tuukka Rask (LAK)
2 - Tyler Toffoli (LAK)
3 - Martin Samuelsson (NJD)
Power Play
Kings - 1 on 5 Attempt(s) - 20.00%
Devils - 0 on 3 Attempt(s) - 0.00%
Penalty Kill
Kings - 3 on 3 Attempt(s) - 100.00%
- Score 0 goal in Penalty Kill
Devils - 4 on 5 Attempt(s) - 80.00%
- Score 0 goal in Penalty Kill
Team Stat
Kings - Hits : 24 - Faceoff Wins : 28 - Blocked Shots : 14 - Penalty Minutes : 6
Devils - Hits : 20 - Faceoff Wins : 33 - Blocked Shots : 18 - Penalty Minutes : 10
Official
Referees : Unknown
Linesman : Unknown
Game Notes
No Game Note
Finance
Level 1 -- Attendance: 5558 (92.63%) -- Ticket Income $583,590
Level 2 -- Attendance: 4824 (96.48%) -- Ticket Income $313,560
Level 3 -- Attendance: 1910 (95.50%) -- Ticket Income $76,400
Level 4 -- Attendance: 3947 (98.68%) -- Ticket Income $110,516
Luxury Box -- Attendance: 1000 (100.00%) -- Ticket Income $180,000
Game was played at the The Pack Center.
Total Attendance: 17239 (95.77%)
Total Ticket Income: $1,264,066
Other Income: $189,610
Total Income: $1,453,676
Kings
5 vs 5 Forward
Center Left Wing Right Wing Time % Phy DF OF
1 Anze Kopitar Tyler Toffoli David Pastrnak 35 1 2 2
2 Nathan MacKinnon Gabriel Landeskog Kyle Okposo 33 1 2 2
3 Sean Monahan Benoit Pouliot Mats Zuccarello 31 1 2 2
4 Jacob Josefson Eric Nystrom Steve Bernier 1 1 2 2
5 vs 5 Defense
Defense Defense Time % Phy DF OF
1 Oliver Ekman-Larsson Seth Jones 40 1 2 2
2 Colton Parayko Drew Fata 40 1 2 2
3 Vitaly Vishnevsky Eric Gryba 10 1 2 2
4 Oliver Ekman-Larsson Colton Parayko 10 1 2 2
PowerPlay Forward
Center Left Wing Right Wing Time % Phy DF OF
1 Anze Kopitar Tyler Toffoli David Pastrnak 50 1 2 2
2 Nathan MacKinnon Gabriel Landeskog Kyle Okposo 50 1 2 2
PowerPlay Defense
Defense Defense Time % Phy DF OF
1 Seth Jones Oliver Ekman-Larsson 60 1 2 2
2 Colton Parayko Vitaly Vishnevsky 40 1 2 2
Penalty Kill 4 Players Forward
Center Wing Time % Phy DF OF
1 Eric Nystrom Mats Zuccarello 60 1 2 2
2 Anze Kopitar Gabriel Landeskog 40 1 2 2
Penalty Kill 4 Players Defense
Defense Defense Time % Phy DF OF
1 Oliver Ekman-Larsson Colton Parayko 60 1 2 2
2 Eric Gryba Drew Fata 40 1 2 2
Penalty Kill - 3 Players Forward
Forward Time % Phy DF OF
1 Gabriel Landeskog 60 1 2 2
2 Anze Kopitar 40 1 2 2
Penalty Kill - 3 Players Defense
Defense Defense Time % Phy DF OF
1 Oliver Ekman-Larsson Colton Parayko 60 1 2 2
2 Eric Gryba Drew Fata 40 1 2 2
4 vs 4 Forward
Center Wing Time % Phy DF OF
1 Anze Kopitar Tyler Toffoli 60 1 2 2
2 Gabriel Landeskog Kyle Okposo 40 1 2 2
4 vs 4 Defense
Defense Defense Time % Phy DF OF
1 Seth Jones Oliver Ekman-Larsson 60 1 2 2
2 Colton Parayko Drew Fata 40 1 2 2
Last Minutes Offensive
Center Left Wing Right Wing Defense Defense
Anze Kopitar Tyler Toffoli Kyle Okposo Oliver Ekman-Larsson Seth Jones
Last Minutes Defensive
Center Left Wing Right Wing Defense Defense
Anze Kopitar Gabriel Landeskog Mats Zuccarello Colton Parayko Oliver Ekman-Larsson
Goaltenders
Starting : Tuukka Rask
Backup : Martin Jones
Extra Forwards
Normal : Anze Kopitar, Sean Monahan, Nathan MacKinnon - PP : Sean Monahan, Benoit Pouliot - PK : Tyler Toffoli
Extra Defensemen
Normal : Seth Jones, Colton Parayko, Oliver Ekman-Larsson - PP : Drew Fata - PK : Seth Jones, Vitaly Vishnevsky
Penalty Shots
Anze Kopitar, Benoit Pouliot, David Pastrnak, Sean Monahan, Mats Zuccarello
Scratches
Jeff Petry (Healthy)
Devils
5 vs 5 Forward
Center Left Wing Right Wing Time % Phy DF OF
1 Nazem Kadri Tyler Ennis Marian Gaborik 40 1 2 2
2 Jamie Arniel Zach Parise Chris Stewart 30 1 2 2
3 Brad Richards Martin Samuelsson Patrick Kaleta 20 1 2 2
4 Nick Bonino Marian Gaborik Brad Richardson 10 1 2 2
5 vs 5 Defense
Defense Defense Time % Phy DF OF
1 Kristopher Letang Anton Stralman 40 1 2 2
2 Michael Del Zotto Josh Gorges 30 1 2 2
3 Thomas Hickey Matt Donovan 20 1 2 2
4 Mike Weber Kristopher Letang 10 1 2 2
PowerPlay Forward
Center Left Wing Right Wing Time % Phy DF OF
1 Nazem Kadri Tyler Ennis Marian Gaborik 60 1 2 2
2 Jamie Arniel Zach Parise Chris Stewart 40 1 2 2
PowerPlay Defense
Defense Defense Time % Phy DF OF
1 Kristopher Letang Anton Stralman 60 1 2 2
2 Michael Del Zotto Josh Gorges 40 1 2 2
Penalty Kill 4 Players Forward
Center Wing Time % Phy DF OF
1 Marian Gaborik Tyler Ennis 60 1 2 2
2 Nazem Kadri Zach Parise 40 1 2 2
Penalty Kill 4 Players Defense
Defense Defense Time % Phy DF OF
1 Kristopher Letang Anton Stralman 60 1 2 2
2 Michael Del Zotto Josh Gorges 40 1 2 2
Penalty Kill - 3 Players Forward
Forward Time % Phy DF OF
1 Marian Gaborik 60 1 2 2
2 Tyler Ennis 40 1 2 2
Penalty Kill - 3 Players Defense
Defense Defense Time % Phy DF OF
1 Kristopher Letang Anton Stralman 60 1 2 2
2 Michael Del Zotto Josh Gorges 40 1 2 2
4 vs 4 Forward
Center Wing Time % Phy DF OF
1 Marian Gaborik Tyler Ennis 60 1 2 2
2 Nazem Kadri Zach Parise 40 1 2 2
4 vs 4 Defense
Defense Defense Time % Phy DF OF
1 Kristopher Letang Anton Stralman 60 1 2 2
2 Michael Del Zotto Josh Gorges 40 1 2 2
Last Minutes Offensive
Center Left Wing Right Wing Defense Defense
Nazem Kadri Tyler Ennis Marian Gaborik Kristopher Letang Anton Stralman
Last Minutes Defensive
Center Left Wing Right Wing Defense Defense
Nazem Kadri Tyler Ennis Marian Gaborik Kristopher Letang Anton Stralman
Goaltenders
Starting : Maxime Daigneault
Backup : Thomas McCollum
Extra Forwards
Normal : Brad Richards, Patrick Kaleta, Martin Samuelsson - PP : Brad Richards, Patrick Kaleta - PK : Martin Samuelsson
Extra Defensemen
Normal : Thomas Hickey, Matt Donovan, Mike Weber - PP : Thomas Hickey - PK : Matt Donovan, Mike Weber
Penalty Shots
Marian Gaborik, Tyler Ennis, Nazem Kadri, Zach Parise, Jamie Arniel
Scratches
Eric Tangradi (Healthy)
% Time on Ice - Kings
Lines # - Real PCT - Wanted PCT - Time Play
Normal Forward
1 - 31% - 35% - 15:03
2 - 28% - 33% - 13:37
3 - 29% - 31% - 13:48
4 - 12% - 1% - 5:38
Normal Defense
1 - 40% - 40% - 19:14
2 - 40% - 40% - 19:06
3 - 18% - 10% - 8:42
4 - 2% - 10% - 1:04
PP Forward
1 - 65% - 50% - 4:52
2 - 35% - 50% - 2:40
PP Defense
1 - 47% - 60% - 3:31
2 - 53% - 40% - 4:01
PK Forward
1 - 87% - 60% - 2:26
2 - 13% - 40% - 0:21
PK Defense
1 - 55% - 60% - 1:32
2 - 45% - 40% - 1:15
PK3 Forward
1 - 77% - 60% - 1:13
2 - 23% - 40% - 0:22
PK3 Defense
1 - 64% - 60% - 1:01
2 - 36% - 40% - 0:34
44 Forward
1 - 0% - 60%
2 - 0% - 40%
44 Defense
1 - 0% - 60%
2 - 0% - 40%
Last Minute Offensive - 0:00
Last Minute Defensive - 0:00
Total
Forward - 60:00
Defense - 60:00
|
% Time on Ice - Devils
Lines # - Real PCT - Wanted PCT - Time Play
Normal Forward
1 - 33% - 40% - 16:04
2 - 28% - 30% - 13:42
3 - 26% - 20% - 12:17
4 - 13% - 10% - 6:03
Normal Defense
1 - 37% - 40% - 17:53
2 - 33% - 30% - 15:44
3 - 23% - 20% - 10:50
4 - 8% - 10% - 3:39
PP Forward
1 - 63% - 60% - 2:45
2 - 37% - 40% - 1:37
PP Defense
1 - 70% - 60% - 3:03
2 - 30% - 40% - 1:19
PK Forward
1 - 80% - 60% - 6:03
2 - 20% - 40% - 1:29
PK Defense
1 - 53% - 60% - 4:00
2 - 47% - 40% - 3:32
PK3 Forward
1 - 0% - 60%
2 - 0% - 40%
PK3 Defense
1 - 0% - 60%
2 - 0% - 40%
44 Forward
1 - 0% - 60%
2 - 0% - 40%
44 Defense
1 - 0% - 60%
2 - 0% - 40%
Last Minute Offensive - 0:00
Last Minute Defensive - 0:00
Total
Forward - 60:00
Defense - 60:00
|
Play-by-Play
1st period
0:01 of 1st period - Nazem Kadri wins face-off versus Anze Kopitar in neutral zone.
0:26 of 1st period - Oliver Ekman-Larsson is hit by Martin Samuelsson.
1:01 of 1st period - Slapshot by Oliver Ekman-Larsson.
1:01 of 1st period - Shot Blocked by Michael Del Zotto.
1:17 of 1st period - Snap shot by Benoit Pouliot.
1:17 of 1st period - Stopped by Maxime Daigneault without a rebound.
1:18 of 1st period - Sean Monahan wins face-off versus Nick Bonino in Devils zone.
1:42 of 1st period - Wrist shot by Nick Bonino.
1:42 of 1st period - Stopped by Tuukka Rask with a rebound.
1:44 of 1st period - Snap shot by Nick Bonino.
1:44 of 1st period - Stopped by Tuukka Rask without a rebound.
1:45 of 1st period - Nathan MacKinnon wins face-off versus Zach Parise in Kings zone.
1:50 of 1st period - Snap shot by Vitaly Vishnevsky.
1:50 of 1st period - Deflect By Kyle Okposo.
1:50 of 1st period - Shot Misses the Net.
1:50 of 1st period - Puck is out of play.
1:51 of 1st period - Jamie Arniel wins face-off versus Nathan MacKinnon in Devils zone.
2:42 of 1st period - Wrist shot by Brad Richards.
2:42 of 1st period - Shot Misses the Net.
2:44 of 1st period - Snap shot by Martin Samuelsson.
2:44 of 1st period - Shot Misses the Net.
2:46 of 1st period - Wrist shot by Brad Richards.
2:46 of 1st period - Stopped by Tuukka Rask without a rebound.
2:47 of 1st period - Benoit Pouliot wins face-off versus Nazem Kadri in Kings zone.
2:52 of 1st period - Wrist shot by Tyler Ennis.
2:52 of 1st period - Stopped by Tuukka Rask without a rebound.
2:53 of 1st period - Sean Monahan wins face-off versus Nazem Kadri in Kings zone.
3:00 of 1st period - Wrist shot by Benoit Pouliot.
3:00 of 1st period - Shot Misses the Net.
3:20 of 1st period - Wrist shot by Benoit Pouliot.
3:20 of 1st period - Stopped by Maxime Daigneault without a rebound.
3:21 of 1st period - Brad Richards wins face-off versus Nathan MacKinnon in Devils zone.
3:48 of 1st period - Drew Fata is hit by Kristopher Letang and loses puck.
4:13 of 1st period - Snap shot by Chris Stewart.
4:13 of 1st period - Deflect By Jamie Arniel.
4:13 of 1st period - Stopped by Tuukka Rask with a rebound.
4:35 of 1st period - Snap shot by Vitaly Vishnevsky.
4:35 of 1st period - Stopped by Maxime Daigneault without a rebound.
4:36 of 1st period - Brad Richardson wins face-off versus Nathan MacKinnon in Devils zone.
5:39 of 1st period - Wrist shot by Marian Gaborik.
5:39 of 1st period - Stopped by Tuukka Rask without a rebound.
5:40 of 1st period - Jamie Arniel wins face-off versus Nathan MacKinnon in Kings zone.
5:47 of 1st period - Snap shot by Nathan MacKinnon.
5:47 of 1st period - Stopped by Maxime Daigneault without a rebound.
5:48 of 1st period - Anze Kopitar wins face-off versus Jamie Arniel in Devils zone.
5:51 of 1st period - Wrist shot by Anze Kopitar.
5:51 of 1st period - Shot Misses the Net.
5:53 of 1st period - Wrist shot by Eric Gryba.
5:53 of 1st period - Stopped by Maxime Daigneault with a rebound.
5:55 of 1st period - Slapshot by Anze Kopitar.
5:55 of 1st period - Shot Misses the Net.
5:57 of 1st period - Snap shot by Eric Gryba.
5:57 of 1st period - Stopped by Maxime Daigneault with a rebound.
5:59 of 1st period - Slapshot by Eric Gryba.
5:59 of 1st period - Stopped by Maxime Daigneault with a rebound.
6:01 of 1st period - Wrist shot by Anze Kopitar.
6:01 of 1st period - Shot Blocked by Chris Stewart.
6:03 of 1st period - Slapshot by Vitaly Vishnevsky.
6:03 of 1st period - Shot Blocked by Zach Parise.
6:15 of 1st period - Snap shot by Chris Stewart.
6:15 of 1st period - Shot Misses the Net.
6:27 of 1st period - Wrist shot by Kyle Okposo.
6:27 of 1st period - Deflect By Zach Parise.
6:27 of 1st period - Shot Blocked by Jamie Arniel.
6:27 of 1st period - Puck is out of play.
6:28 of 1st period - Nazem Kadri wins face-off versus Sean Monahan in Devils zone.
6:55 of 1st period - Tyler Toffoli is hit by Martin Samuelsson and loses puck.
7:41 of 1st period - Minor Penalty to Vitaly Vishnevsky for Cross-checking.
7:42 of 1st period - Nazem Kadri wins face-off versus Eric Nystrom in Kings zone.
7:42 of 1st period - Snap shot by Marian Gaborik.
7:42 of 1st period - Stopped by Tuukka Rask without a rebound.
7:43 of 1st period - Eric Nystrom wins face-off versus Nazem Kadri in Kings zone.
9:09 of 1st period - Tyler Toffoli is hit by Nazem Kadri and loses puck.
9:41 of 1st period - Penalty to Vitaly Vishnevsky is over, Vitaly Vishnevsky is back on ice.
10:20 of 1st period - Jamie Arniel is hit by Kyle Okposo and loses puck.
10:27 of 1st period - Kyle Okposo is hit by Jamie Arniel and loses puck.
10:53 of 1st period - Wrist shot by Eric Nystrom.
10:53 of 1st period - Shot Misses the Net.
11:42 of 1st period - Wrist shot by Sean Monahan.
11:42 of 1st period - Deflect By Benoit Pouliot.
11:42 of 1st period - Stopped by Maxime Daigneault with a rebound.
12:23 of 1st period - Benoit Pouliot is hit by Marian Gaborik and loses puck.
13:29 of 1st period - Snap shot by David Pastrnak.
13:29 of 1st period - Shot Misses the Net.
13:35 of 1st period - Minor Penalty to Marian Gaborik for Hooking.
13:36 of 1st period - Martin Samuelsson wins face-off versus Anze Kopitar in Devils zone.
15:00 of 1st period - Snap shot by David Pastrnak.
15:00 of 1st period - Shot Hit the Post.
15:02 of 1st period - Backhand shot by Colton Parayko.
15:02 of 1st period - Shot Misses the Net.
15:04 of 1st period - Slapshot by Vitaly Vishnevsky.
15:04 of 1st period - Shot Blocked by Michael Del Zotto.
15:06 of 1st period - Slapshot by Colton Parayko.
15:06 of 1st period - Shot Misses the Net.
15:08 of 1st period - Wrist shot by Tyler Toffoli.
15:08 of 1st period - Shot Misses the Net.
15:10 of 1st period - Slapshot by Colton Parayko.
15:10 of 1st period - Goal by Colton Parayko - Kings : 1 - Devils : 0.
15:11 of 1st period - Sean Monahan wins face-off versus Nazem Kadri in neutral zone.
15:47 of 1st period - Wrist shot by Zach Parise.
15:47 of 1st period - Stopped by Tuukka Rask without a rebound.
15:48 of 1st period - Nathan MacKinnon wins face-off versus Nazem Kadri in Kings zone.
16:14 of 1st period - Slapshot by Brad Richards.
16:14 of 1st period - Shot Misses the Net.
16:16 of 1st period - Snap shot by Patrick Kaleta.
16:16 of 1st period - Stopped by Tuukka Rask without a rebound.
16:17 of 1st period - Sean Monahan wins face-off versus Brad Richards in Kings zone.
17:29 of 1st period - Snap shot by Patrick Kaleta.
17:29 of 1st period - Stopped by Tuukka Rask without a rebound.
17:30 of 1st period - Brad Richards wins face-off versus Anze Kopitar in Kings zone.
17:33 of 1st period - Wrist shot by Patrick Kaleta.
17:33 of 1st period - Shot Misses the Net.
18:10 of 1st period - Marian Gaborik is hit by Sean Monahan.
18:49 of 1st period - Snap shot by Zach Parise.
18:49 of 1st period - Shot Blocked by Colton Parayko.
18:53 of 1st period - Slapshot by Chris Stewart.
18:53 of 1st period - Stopped by Tuukka Rask with a rebound.
18:55 of 1st period - Slapshot by Jamie Arniel.
18:55 of 1st period - Stopped by Tuukka Rask with a rebound.
18:57 of 1st period - Snap shot by Chris Stewart.
18:57 of 1st period - Stopped by Tuukka Rask without a rebound.
18:58 of 1st period - Marian Gaborik wins face-off versus David Pastrnak in Kings zone.
19:29 of 1st period - Slapshot by David Pastrnak.
19:29 of 1st period - Shot Misses the Net.
19:39 of 1st period - Seth Jones is hit by Martin Samuelsson and loses puck.
Goals for this period are 1 for Kings vs 0 for Devils.
Shots for this period are 9 for Kings vs 13 for Devils.
2nd period
0:01 of 2nd period - Anze Kopitar wins face-off versus Nazem Kadri in neutral zone.
0:12 of 2nd period - Slapshot by Tyler Toffoli.
0:12 of 2nd period - Shot Misses the Net.
0:14 of 2nd period - Wrist shot by David Pastrnak.
0:14 of 2nd period - Shot Blocked by Kristopher Letang.
0:16 of 2nd period - Snap shot by Tyler Toffoli.
0:16 of 2nd period - Deflect By David Pastrnak.
0:16 of 2nd period - Goal by David Pastrnak - Kings : 2 - Devils : 0.
0:17 of 2nd period - Sean Monahan wins face-off versus Marian Gaborik in neutral zone.
1:22 of 2nd period - Wrist shot by Anze Kopitar.
1:22 of 2nd period - Stopped by Maxime Daigneault with a rebound.
1:24 of 2nd period - Wrist shot by David Pastrnak.
1:24 of 2nd period - Stopped by Maxime Daigneault with a rebound.
2:50 of 2nd period - Martin Samuelsson is hit by Nathan MacKinnon and loses puck.
3:07 of 2nd period - Mats Zuccarello is hit by Tyler Ennis and loses puck.
3:16 of 2nd period - Josh Gorges is hit by Mats Zuccarello.
3:30 of 2nd period - Chris Stewart is hit by Colton Parayko and loses puck.
3:35 of 2nd period - Snap shot by Anze Kopitar.
3:35 of 2nd period - Stopped by Maxime Daigneault with a rebound.
3:37 of 2nd period - Slapshot by Seth Jones.
3:37 of 2nd period - Deflect By Kristopher Letang.
3:37 of 2nd period - Stopped by Maxime Daigneault with a rebound.
3:39 of 2nd period - Snap shot by David Pastrnak.
3:39 of 2nd period - Shot Hit the Post.
3:41 of 2nd period - Wrist shot by Tyler Toffoli.
3:41 of 2nd period - Shot Misses the Net.
5:48 of 2nd period - Benoit Pouliot is hit by Tyler Ennis and loses puck.
6:02 of 2nd period - Icing by Gabriel Landeskog.
6:03 of 2nd period - Nathan MacKinnon wins face-off versus Martin Samuelsson in Kings zone.
6:28 of 2nd period - Snap shot by Zach Parise.
6:28 of 2nd period - Stopped by Tuukka Rask without a rebound.
6:29 of 2nd period - Anze Kopitar wins face-off versus Nazem Kadri in Kings zone.
6:29 of 2nd period - Anze Kopitar is hit by Tyler Ennis.
7:03 of 2nd period - Snap shot by Jamie Arniel.
7:03 of 2nd period - Shot Misses the Net.
7:09 of 2nd period - Slapshot by Anton Stralman.
7:09 of 2nd period - Stopped by Tuukka Rask with a rebound.
7:25 of 2nd period - Brad Richards is hit by Gabriel Landeskog and loses puck.
7:46 of 2nd period - Snap shot by Nick Bonino.
7:46 of 2nd period - Stopped by Tuukka Rask without a rebound.
7:47 of 2nd period - Jacob Josefson wins face-off versus Nick Bonino in Kings zone.
7:58 of 2nd period - Slapshot by Michael Del Zotto.
7:58 of 2nd period - Stopped by Tuukka Rask with a rebound.
8:00 of 2nd period - Wrist shot by Nick Bonino.
8:00 of 2nd period - Deflect By Brad Richardson.
8:00 of 2nd period - Shot Misses the Net.
8:00 of 2nd period - Puck is out of play.
8:01 of 2nd period - Nazem Kadri wins face-off versus David Pastrnak in Kings zone.
8:10 of 2nd period - Marian Gaborik is hit by Tyler Toffoli and loses puck.
8:27 of 2nd period - Chris Stewart is hit by Mats Zuccarello and loses puck.
8:48 of 2nd period - Slapshot by Kristopher Letang.
8:48 of 2nd period - Shot Misses the Net.
8:50 of 2nd period - Wrist shot by Anton Stralman.
8:50 of 2nd period - Stopped by Tuukka Rask with a rebound.
8:52 of 2nd period - Slapshot by Brad Richards.
8:52 of 2nd period - Stopped by Tuukka Rask with a rebound.
8:54 of 2nd period - Snap shot by Martin Samuelsson.
8:54 of 2nd period - Stopped by Tuukka Rask with a rebound.
8:56 of 2nd period - Snap shot by Martin Samuelsson.
8:56 of 2nd period - Goal by Martin Samuelsson - Kings : 2 - Devils : 1.
8:57 of 2nd period - Nazem Kadri wins face-off versus Tyler Toffoli in neutral zone.
9:04 of 2nd period - Snap shot by Nazem Kadri.
9:04 of 2nd period - Deflect By Tyler Ennis.
9:04 of 2nd period - Shot Blocked by Drew Fata.
9:04 of 2nd period - Puck is out of play.
9:05 of 2nd period - Anze Kopitar wins face-off versus Nazem Kadri in Kings zone.
9:12 of 2nd period - Nazem Kadri is hit by Tyler Toffoli and loses puck.
9:37 of 2nd period - Slapshot by David Pastrnak.
9:37 of 2nd period - Stopped by Maxime Daigneault with a rebound.
9:45 of 2nd period - Backhand shot by Anze Kopitar.
9:45 of 2nd period - Deflect By Tyler Toffoli.
9:45 of 2nd period - Shot Misses the Net.
9:45 of 2nd period - Puck is out of play.
9:46 of 2nd period - Nathan MacKinnon wins face-off versus Zach Parise in Devils zone.
9:50 of 2nd period - Minor Penalty to Zach Parise for Tripping.
9:51 of 2nd period - Tyler Ennis wins face-off versus Kyle Okposo in Devils zone.
10:03 of 2nd period - Slapshot by Gabriel Landeskog.
10:03 of 2nd period - Stopped by Maxime Daigneault without a rebound.
10:04 of 2nd period - Marian Gaborik wins face-off versus Gabriel Landeskog in Devils zone.
10:15 of 2nd period - Slapshot by Seth Jones.
10:15 of 2nd period - Stopped by Maxime Daigneault with a rebound.
10:37 of 2nd period - Slapshot by Seth Jones.
10:37 of 2nd period - Shot Blocked by Nazem Kadri.
10:39 of 2nd period - Wrist shot by David Pastrnak.
10:39 of 2nd period - Stopped by Maxime Daigneault without a rebound.
10:40 of 2nd period - Nazem Kadri wins face-off versus Anze Kopitar in Devils zone.
11:01 of 2nd period - Michael Del Zotto is hit by Anze Kopitar.
11:10 of 2nd period - Tyler Ennis is hit by Tyler Toffoli.
11:16 of 2nd period - Wrist shot by Anze Kopitar.
11:16 of 2nd period - Shot Misses the Net.
11:28 of 2nd period - Snap shot by David Pastrnak.
11:28 of 2nd period - Shot Blocked by Josh Gorges.
11:30 of 2nd period - Snap shot by David Pastrnak.
11:30 of 2nd period - Deflect By Tyler Ennis.
11:30 of 2nd period - Stopped by Maxime Daigneault with a rebound.
11:50 of 2nd period - Penalty to Zach Parise is over, Zach Parise is back on ice.
12:15 of 2nd period - Zach Parise is hit by Colton Parayko and loses puck.
12:20 of 2nd period - Snap shot by Tyler Toffoli.
12:20 of 2nd period - Stopped by Maxime Daigneault with a rebound.
13:18 of 2nd period - Anton Stralman is hit by Seth Jones and loses puck.
13:29 of 2nd period - Wrist shot by Anze Kopitar.
13:29 of 2nd period - Stopped by Maxime Daigneault without a rebound.
13:30 of 2nd period - Brad Richards wins face-off versus Nathan MacKinnon in Devils zone.
13:46 of 2nd period - Wrist shot by Nathan MacKinnon.
13:46 of 2nd period - Shot Blocked by Matt Donovan.
14:04 of 2nd period - Snap shot by Mats Zuccarello.
14:04 of 2nd period - Stopped by Maxime Daigneault without a rebound.
14:05 of 2nd period - Jacob Josefson wins face-off versus Chris Stewart in Devils zone.
14:12 of 2nd period - Wrist shot by Jacob Josefson.
14:12 of 2nd period - Shot Misses the Net.
14:24 of 2nd period - Steve Bernier is hit by Jamie Arniel and loses puck.
14:28 of 2nd period - Icing by Vitaly Vishnevsky.
14:29 of 2nd period - Steve Bernier wins face-off versus Brad Richards in Kings zone.
14:38 of 2nd period - Slapshot by Eric Gryba.
14:38 of 2nd period - Shot Blocked by Anton Stralman.
14:40 of 2nd period - Snap shot by Steve Bernier.
14:40 of 2nd period - Stopped by Maxime Daigneault with a rebound.
14:42 of 2nd period - Snap shot by Eric Gryba.
14:42 of 2nd period - Deflect By Anton Stralman.
14:42 of 2nd period - Stopped by Maxime Daigneault without a rebound.
14:43 of 2nd period - Mats Zuccarello wins face-off versus Jamie Arniel in Devils zone.
14:54 of 2nd period - Chris Stewart is hit by Oliver Ekman-Larsson and loses puck.
15:09 of 2nd period - Patrick Kaleta is hit by Gabriel Landeskog and loses puck.
15:18 of 2nd period - Wrist shot by Nathan MacKinnon.
15:18 of 2nd period - Shot Misses the Net.
15:34 of 2nd period - Snap shot by Steve Bernier.
15:34 of 2nd period - Shot Misses the Net.
15:36 of 2nd period - Slapshot by Vitaly Vishnevsky.
15:36 of 2nd period - Stopped by Maxime Daigneault without a rebound.
15:37 of 2nd period - Nick Bonino wins face-off versus Sean Monahan in Devils zone.
15:48 of 2nd period - Snap shot by Sean Monahan.
15:48 of 2nd period - Stopped by Maxime Daigneault without a rebound.
15:49 of 2nd period - Jamie Arniel wins face-off versus Nathan MacKinnon in Devils zone.
15:49 of 2nd period - Jamie Arniel is hit by Seth Jones.
15:55 of 2nd period - Seth Jones is hit by Josh Gorges and loses puck.
16:00 of 2nd period - Slapshot by Jamie Arniel.
16:00 of 2nd period - Shot Blocked by Gabriel Landeskog.
16:02 of 2nd period - Snap shot by Josh Gorges.
16:02 of 2nd period - Stopped by Tuukka Rask with a rebound.
16:04 of 2nd period - Wrist shot by Jamie Arniel.
16:04 of 2nd period - Deflect By Zach Parise.
16:04 of 2nd period - Stopped by Tuukka Rask with a rebound.
16:24 of 2nd period - Snap shot by Sean Monahan.
16:24 of 2nd period - Shot Misses the Net.
16:26 of 2nd period - Minor Penalty to Patrick Kaleta for Hooking.
16:27 of 2nd period - Marian Gaborik wins face-off versus Kyle Okposo in Devils zone.
17:20 of 2nd period - Josh Gorges is hit by Anze Kopitar.
18:26 of 2nd period - Penalty to Patrick Kaleta is over, Patrick Kaleta is back on ice.
18:40 of 2nd period - Wrist shot by Sean Monahan.
18:40 of 2nd period - Shot Blocked by Josh Gorges.
18:42 of 2nd period - Wrist shot by Benoit Pouliot.
18:42 of 2nd period - Shot Blocked by Josh Gorges.
18:44 of 2nd period - Slapshot by Vitaly Vishnevsky.
18:44 of 2nd period - Shot Misses the Net.
18:46 of 2nd period - Snap shot by Benoit Pouliot.
18:46 of 2nd period - Goal by Benoit Pouliot - Kings : 3 - Devils : 1.
18:47 of 2nd period - Sean Monahan wins face-off versus Nazem Kadri in neutral zone.
19:58 of 2nd period - Slapshot by Gabriel Landeskog.
19:58 of 2nd period - Shot Misses the Net.
Goals for this period are 2 for Kings vs 1 for Devils.
Shots for this period are 18 for Kings vs 10 for Devils.
3rd period
0:01 of 3rd period - Nazem Kadri wins face-off versus Sean Monahan in neutral zone.
0:14 of 3rd period - Snap shot by Marian Gaborik.
0:14 of 3rd period - Stopped by Tuukka Rask with a rebound.
0:30 of 3rd period - Snap shot by Zach Parise.
0:30 of 3rd period - Stopped by Tuukka Rask with a rebound.
0:32 of 3rd period - Wrist shot by Kristopher Letang.
0:32 of 3rd period - Shot Misses the Net.
0:34 of 3rd period - Slapshot by Anton Stralman.
0:34 of 3rd period - Shot Blocked by Colton Parayko.
0:36 of 3rd period - Wrist shot by Zach Parise.
0:36 of 3rd period - Shot Misses the Net.
0:38 of 3rd period - Slapshot by Anton Stralman.
0:38 of 3rd period - Shot Blocked by Gabriel Landeskog.
0:40 of 3rd period - Snap shot by Chris Stewart.
0:40 of 3rd period - Stopped by Tuukka Rask without a rebound.
0:41 of 3rd period - Nazem Kadri wins face-off versus Anze Kopitar in Kings zone.
0:42 of 3rd period - Snap shot by Marian Gaborik.
0:42 of 3rd period - Shot Misses the Net.
0:54 of 3rd period - Wrist shot by David Pastrnak.
0:54 of 3rd period - Shot Blocked by Matt Donovan.
1:06 of 3rd period - Gabriel Landeskog is hit by Brad Richards and loses puck.
1:16 of 3rd period - Off-side.
1:17 of 3rd period - Nazem Kadri wins face-off versus Sean Monahan in neutral zone.
1:41 of 3rd period - Icing by Kristopher Letang.
1:42 of 3rd period - Nazem Kadri wins face-off versus Kyle Okposo in Devils zone.
1:46 of 3rd period - Off-side.
1:47 of 3rd period - Jamie Arniel wins face-off versus Nathan MacKinnon in neutral zone.
2:03 of 3rd period - Wrist shot by Drew Fata.
2:03 of 3rd period - Deflect By Jamie Arniel.
2:03 of 3rd period - Stopped by Maxime Daigneault without a rebound.
2:04 of 3rd period - Anze Kopitar wins face-off versus Nazem Kadri in Devils zone.
2:13 of 3rd period - Wrist shot by David Pastrnak.
2:13 of 3rd period - Stopped by Maxime Daigneault with a rebound.
2:15 of 3rd period - Slapshot by Colton Parayko.
2:15 of 3rd period - Shot Misses the Net.
2:17 of 3rd period - Slapshot by Tyler Toffoli.
2:17 of 3rd period - Shot Misses the Net.
2:40 of 3rd period - Snap shot by Benoit Pouliot.
2:40 of 3rd period - Stopped by Maxime Daigneault without a rebound.
2:41 of 3rd period - Nathan MacKinnon wins face-off versus Nazem Kadri in Devils zone.
2:45 of 3rd period - Icing by Tyler Ennis.
2:46 of 3rd period - Nazem Kadri wins face-off versus Nathan MacKinnon in Devils zone.
2:46 of 3rd period - Nazem Kadri is hit by Gabriel Landeskog.
3:12 of 3rd period - Jamie Arniel is hit by David Pastrnak and loses puck.
3:17 of 3rd period - Snap shot by Anze Kopitar.
3:17 of 3rd period - Stopped by Maxime Daigneault without a rebound.
3:18 of 3rd period - Tyler Ennis wins face-off versus Sean Monahan in Devils zone.
4:32 of 3rd period - Snap shot by Nick Bonino.
4:32 of 3rd period - Stopped by Tuukka Rask without a rebound.
4:33 of 3rd period - Nick Bonino wins face-off versus Anze Kopitar in Kings zone.
4:48 of 3rd period - Snap shot by Nick Bonino.
4:48 of 3rd period - Deflect By Marian Gaborik.
4:48 of 3rd period - Shot Misses the Net.
4:48 of 3rd period - Puck is out of play.
4:49 of 3rd period - Nazem Kadri wins face-off versus Sean Monahan in Kings zone.
4:54 of 3rd period - Snap shot by Nazem Kadri.
4:54 of 3rd period - Shot Blocked by Mats Zuccarello.
5:37 of 3rd period - Icing by Nathan MacKinnon.
5:38 of 3rd period - Nathan MacKinnon wins face-off versus Brad Richards in Kings zone.
5:38 of 3rd period - Nathan MacKinnon is hit by Martin Samuelsson.
5:48 of 3rd period - Snap shot by Gabriel Landeskog.
5:48 of 3rd period - Shot Blocked by Michael Del Zotto.
6:11 of 3rd period - Off-side.
6:12 of 3rd period - Anze Kopitar wins face-off versus Nazem Kadri in neutral zone.
7:12 of 3rd period - Snap shot by Martin Samuelsson.
7:12 of 3rd period - Deflect By Brad Richards.
7:12 of 3rd period - Stopped by Tuukka Rask with a rebound.
8:14 of 3rd period - Snap shot by Nathan MacKinnon.
8:14 of 3rd period - Shot Blocked by Brad Richards.
8:16 of 3rd period - Snap shot by Oliver Ekman-Larsson.
8:16 of 3rd period - Shot Blocked by Matt Donovan.
8:18 of 3rd period - Slapshot by Oliver Ekman-Larsson.
8:18 of 3rd period - Shot Misses the Net.
8:36 of 3rd period - David Pastrnak is hit by Matt Donovan and loses puck.
9:07 of 3rd period - Eric Nystrom is hit by Martin Samuelsson and loses puck.
10:01 of 3rd period - Brad Richards is hit by Sean Monahan and loses puck.
10:41 of 3rd period - Thomas Hickey is hit by Tyler Toffoli and loses puck.
11:00 of 3rd period - Minor Penalty to Vitaly Vishnevsky for Roughing.
11:01 of 3rd period - Nazem Kadri wins face-off versus Eric Nystrom in Kings zone.
11:24 of 3rd period - Minor Penalty to Colton Parayko for Tripping.
11:25 of 3rd period - Gabriel Landeskog wins face-off versus Nazem Kadri in Kings zone.
11:25 of 3rd period - Gabriel Landeskog is hit by Nazem Kadri.
11:32 of 3rd period - Icing by Kristopher Letang.
11:33 of 3rd period - Nazem Kadri wins face-off versus Gabriel Landeskog in Devils zone.
12:02 of 3rd period - Gabriel Landeskog is hit by Tyler Ennis and loses puck.
12:13 of 3rd period - Snap shot by Marian Gaborik.
12:13 of 3rd period - Shot Blocked by Oliver Ekman-Larsson.
12:15 of 3rd period - Slapshot by Marian Gaborik.
12:15 of 3rd period - Stopped by Tuukka Rask with a rebound.
12:17 of 3rd period - Backhand shot by Tyler Ennis.
12:17 of 3rd period - Shot Blocked by Oliver Ekman-Larsson.
12:19 of 3rd period - Slapshot by Kristopher Letang.
12:19 of 3rd period - Shot Blocked by Gabriel Landeskog.
12:21 of 3rd period - Wrist shot by Marian Gaborik.
12:21 of 3rd period - Shot Misses the Net.
12:23 of 3rd period - Slapshot by Anton Stralman.
12:23 of 3rd period - Stopped by Tuukka Rask with a rebound.
12:25 of 3rd period - Slapshot by Anton Stralman.
12:25 of 3rd period - Deflect By Seth Jones.
12:25 of 3rd period - Stopped by Tuukka Rask without a rebound.
12:26 of 3rd period - Anze Kopitar wins face-off versus Jamie Arniel in Kings zone.
12:41 of 3rd period - Slapshot by Michael Del Zotto.
12:41 of 3rd period - Shot Blocked by Eric Gryba.
12:43 of 3rd period - Slapshot by Michael Del Zotto.
12:43 of 3rd period - Stopped by Tuukka Rask with a rebound.
13:00 of 3rd period - Penalty to Vitaly Vishnevsky is over, Vitaly Vishnevsky is back on ice.
13:24 of 3rd period - Penalty to Colton Parayko is over, Colton Parayko is back on ice.
13:44 of 3rd period - Slapshot by Brad Richards.
13:44 of 3rd period - Shot Misses the Net.
13:52 of 3rd period - Wrist shot by Colton Parayko.
13:52 of 3rd period - Shot Blocked by Brad Richardson.
13:54 of 3rd period - Slapshot by Oliver Ekman-Larsson.
13:54 of 3rd period - Deflect By Colton Parayko.
13:54 of 3rd period - Shot Misses the Net.
13:54 of 3rd period - Puck is out of play.
13:55 of 3rd period - Anze Kopitar wins face-off versus Marian Gaborik in Devils zone.
14:25 of 3rd period - Minor Penalty to Brad Richards for Elbowing.
14:26 of 3rd period - Marian Gaborik wins face-off versus Nathan MacKinnon in Devils zone.
15:00 of 3rd period - Off-side.
15:01 of 3rd period - Nazem Kadri wins face-off versus Anze Kopitar in neutral zone.
16:25 of 3rd period - Penalty to Brad Richards is over, Brad Richards is back on ice.
16:40 of 3rd period - Zach Parise is hit by Mats Zuccarello and loses puck.
17:03 of 3rd period - Wrist shot by Patrick Kaleta.
17:03 of 3rd period - Shot Blocked by Oliver Ekman-Larsson.
17:23 of 3rd period - Icing by Eric Gryba.
17:24 of 3rd period - Anze Kopitar wins face-off versus Nazem Kadri in Kings zone.
17:24 of 3rd period - Anze Kopitar is hit by Kristopher Letang.
17:30 of 3rd period - Snap shot by David Pastrnak.
17:30 of 3rd period - Stopped by Maxime Daigneault with a rebound.
17:46 of 3rd period - Snap shot by Benoit Pouliot.
17:46 of 3rd period - Shot Blocked by Zach Parise.
18:06 of 3rd period - Slapshot by Zach Parise.
18:06 of 3rd period - Shot Blocked by Colton Parayko.
18:08 of 3rd period - Slapshot by Anton Stralman.
18:08 of 3rd period - Stopped by Tuukka Rask with a rebound.
18:10 of 3rd period - Slapshot by Kristopher Letang.
18:10 of 3rd period - Shot Misses the Net.
18:12 of 3rd period - Slapshot by Anton Stralman.
18:12 of 3rd period - Shot Blocked by Drew Fata.
18:14 of 3rd period - Slapshot by Kristopher Letang.
18:14 of 3rd period - Shot Misses the Net.
18:16 of 3rd period - Snap shot by Patrick Kaleta.
18:16 of 3rd period - Shot Blocked by Colton Parayko.
18:18 of 3rd period - Snap shot by Patrick Kaleta.
18:18 of 3rd period - Stopped by Tuukka Rask with a rebound.
18:35 of 3rd period - Icing by Michael Del Zotto.
18:36 of 3rd period - Nazem Kadri wins face-off versus Sean Monahan in Devils zone.
18:36 of 3rd period - Nazem Kadri is hit by Sean Monahan.
19:10 of 3rd period - Benoit Pouliot is hit by Tyler Ennis and loses puck.
19:21 of 3rd period - Nazem Kadri is hit by Mats Zuccarello and loses puck.
0:00 - Minor Penalty to Tyler Ennis for Hooking.
Goals for this period are 0 for Kings vs 0 for Devils.
Shots for this period are 5 for Kings vs 11 for Devils.
Output by the SimonT Hockey Simulator (STHS) for Francois Prevost